 Dungeon Crawl Stone Soup version 0.28-a0-479-g5baa6b73be (webtiles) character file.

Game seed: 16719834548482949656

107 robertstho the Skirmisher (level 4, -1/61 HPs)
             Began as a Minotaur Berserker on Sept 17, 2021.
             Was a Believer of Trog.
             Slain by an orc wizard (6 damage)
             ... on level 3 of the Dungeon.
             The game lasted 00:02:22 (2372 turns).

robertstho the Skirmisher (Minotaur Berserker)      Turns: 2372, Time: 00:02:23

Health: -1/61      AC:  3    Str: 21    XL:     4   Next: 57%
Magic:  3/3        EV: 12    Int:  5    God:    Trog [**....]
Gold:   61         SH:  0    Dex: 10    Spells: 3/3 levels left

rFire   . . .      SeeInvis .   a - +0 hand axe
rCold   . . .      Faith    .   (no shield)
rNeg    . . .      Spirit   .   b - +0 animal skin
rPois   .          Reflect  .   (helmet restricted)
rElec   .          Harm     .   (no cloak)
rCorr   .          Rampage  .   (no gloves)
Will    .....                   c - +0 pair of boots
Stlth   ..........              (no amulet)
HPRegen 0.20/turn               (no ring)
MPRegen 0.08/turn               (no ring)

@: berserking, very quick
A: horns 2, retaliatory headbutt
a: Renounce Religion, Berserk, Trog's Hand


You were on level 3 of the Dungeon.
You worshipped Trog.
Trog was pleased with you.
You visited 1 branch of the dungeon, and saw 3 of its levels.

You collected 61 gold pieces.

Inventory:

Hand Weapons
 a - a +0 hand axe (weapon)
Armour
 b - a +0 animal skin (worn)
 c - a +0 pair of boots (worn)
Scrolls
 g - 2 scrolls of identify {unknown}
 i - a scroll of vulnerability {unknown}
 l - a scroll of enchant weapon {unknown}
 m - a scroll of fog {unknown}
Potions
 d - a potion of degeneration {unknown}
 e - 2 potions of resistance {unknown}
 f - a potion of brilliance {unknown}
 h - a potion of might {unknown}
 j - 2 potions of flight {unknown}
 k - a potion of mutation {unknown}


   Skills:
 * Level 4.7 Fighting
 + Level 4.2 Axes
 * Level 3.0 Armour
 * Level 3.4 Dodging
 + Level 0.9 Stealth


You had 3 spell levels left.
You didn't know any spells.
Your spell library was empty.

Dungeon Overview and Level Annotations

Branches:
Dungeon (3/15)

Altars:
Hepliaklqana

Shops:
D:2 :

Annotations:
D:3 1 runed translucent door, Crazy Yiuf


Innate Abilities, Weirdness & Mutations

You have a pair of horns on your head.
You reflexively headbutt those who attack you in melee.


Message History

Found a faded altar of an unknown god.
An orc wizard is nearby!
An orc wizard is nearby!
An orc wizard is nearby!
The orc wizard closely misses you.
You closely miss the orc wizard.
The orc wizard points at you and mumbles some strange words.
You are confused.
You are too confused!
You are too confused!
You are too confused!
You are too confused!
You hit the orc wizard but do no damage.
Your headbutt misses the orc wizard. The orc wizard closely misses you.
You hit the orc wizard.
The orc wizard is moderately wounded.
The orc wizard barely misses you.
The orc wizard hits you with a +0 quarterstaff!
The orc wizard barely misses you. The orc wizard casts a spell at you.
The magic dart hits you.
There is a faded altar of an unknown god here.
You feel less confused.
The orc wizard points at you and mumbles some strange words.
The puff of flame hits you.
The orc wizard hits you with a +0 quarterstaff!
A red film seems to cover your vision as you go berserk!
You feel yourself moving faster!
You feel mighty!
The orc wizard hits you with a +0 quarterstaff!
* * * LOW HITPOINT WARNING * * *
You closely miss the orc wizard. Your headbutt misses the orc wizard.
The orc wizard is lightly wounded.
The orc wizard hits you with a +0 quarterstaff!
* * * LOW HITPOINT WARNING * * *
You barely miss the orc wizard.
The orc wizard is lightly wounded.
You barely miss the orc wizard. Your headbutt misses the orc wizard.
The orc wizard is lightly wounded.
The orc wizard hits you with a +0 quarterstaff.
You die...

##.# ###### #......# #.##
#...#.#####......# #..###
#._.#............# ####...###
#§..##.####......#
...###.§§#######§§.##### #......#
##..(##§§§§§§§§§§§.....###......#
###.##.§§§§§§§§§#...8.#...######
#....§§§§§§§§§§.....#...#
####§§#######@..#####...# ####
#.o.#.......# #._.#..>....#
#...#.......# #####.......#
#########


You could see an orc wizard.

Vanquished Creatures
  A bullfrog skeleton (D:2)
  2 adders (D:2)
  A worm (D:2)
  7 bats
  3 endoplasms (D:2)
  3 giant cockroaches (D:1)
  5 goblins
  8 hobgoblins
  2 kobolds (D:1)
  4 quokkas
  6 ball pythons
  6 frilled lizards
  6 rats
54 creatures vanquished.

Notes
Turn   | Place    | Note
-------+----------+-------------------------------------------
     0 | D:1      | robertstho the Minotaur Berserker began the quest for the
                  | Orb.
     0 | D:1      | Reached XP level 1. HP: 19/19 MP: 0/0
   180 | D:1      | Reached XP level 2. HP: 21/27 MP: 1/1
   689 | D:1      | Found a faded altar of an unknown god.
   708 | D:1      | Reached ** piety under Trog
  1061 | D:2      | Reached XP level 3. HP: 33/33 MP: 2/2
  1308 | D:2      | Reached XP level 4. HP: 24/41 MP: 3/3
  1537 | D:2      | Found Xyl Duan's Book Boutique.
  2299 | D:3      | Found a runed translucent door.
  2300 | D:3      | Noticed Crazy Yiuf
  2357 | D:3      | Found a hazy altar of Hepliaklqana.
  2358 | D:3      | Found a faded altar of an unknown god.
  2372 | D:3      | Slain by an orc wizard

Illustrated notes

Levels and vault maps discovered:
D:1:      lightli_arrival_boilingwater, layout_loops_ring,
          ebering_ecumenical_altar_sacrificial
D:2:      cheibrodos_old_hovel, layout_loops_ring, serial_shops, shop
D:3:      layout_rooms, beargit_hepliaklqana_dungeon_heroes,
          minmay_misc_feat_roman, uniq_crazy_yiuf_cottage

Skill      XL: |  1  2  3  4 |
---------------+-------------+-----
Fighting       | 4 |  4.7
Dodging        | 3 |  3.4
Axes           | 4 |  4.2
Armour         | 3 |  3.0
Stealth        | |  0.9

Action                   |  1- 3 |  4- 6 || total
-------------------------+-------+-------++-------
Melee: Hand axe          |    81 |    36 ||   117
       Headbutt          |     9 |     5 ||    14
Invok: Berserk           |       |     1 ||     1
  Use: Potion            |     1 |       ||     1
 Stab: Sleeping          |     1 |       ||     1
Armor: Animal skin       |    24 |     9 ||    33
Dodge: Dodged            |    54 |    25 ||    79

Table legend: (Time is in decaauts)
 A = Elapsed time spent in this place.
 B = Non-inter-level travel time spent in this place.
 C = Inter-level travel time spent in this place.
 D = Time resting spent in this place.
 E = Time spent auto-exploring this place.
 F = Levels seen in this place.
 G = Mean time per level.
                   A        B        C        D        E       F      G
               +--------+--------+--------+--------+--------+-----+--------+
         Total |   2384 |   2367 |     17 |    205 |   1834 |   3 |  794.7 |
       Dungeon |   2384 |   2367 |     17 |    205 |   1834 |   3 |  794.7 |
               +--------+--------+--------+--------+--------+-----+--------+

Top non-repeatable levels by time:
     D:1: 1035 daAuts
     D:2: 888 daAuts
     D:3: 460 daAuts
